 Dungeon Crawl Stone Soup version 0.21-a0-348-ga060c75 (webtiles) character file.

13535 4thArraOfDagon the Fighter (level 11, -18/93 HPs)
             Began as a Mummy Monk on Oct 6, 2017.
             Was an Elder of Nemelex Xobeh.
             Killed by a card of wild magic (21 damage)
             ... on level 14 of the Dungeon.
             The game lasted 00:40:22 (7744 turns).

4thArraOfDagon the Fighter (Mummy Monk)             Turns: 7744, Time: 00:40:22

Health: -18/93     AC: 10    Str: 15    XL:     11   Next: 76%
Magic:  18/18      EV: 14    Int: 16    God:    Nemelex Xobeh [****..]
Gold:   217        SH:  2    Dex: 21    Spells: 10/10 levels left

rFire    + . .     SeeInvis .   C - +3 morningstar (crush)
rCold    + . .     Gourm    .   (no shield)
rNeg     + + +     Faith    .   J - +1 ring mail {rF+}
rPois    ∞         Spirit   .   (no helmet)
rElec    .         Reflect  +   d - +0 cloak
rCorr    .         Harm     .   R - +0 pair of gloves of Dishonour {*Corrode rN+ Int+4 Dex+3}
MR       +....                  w - +0 pair of boots
Stlth    ++........             v - +2 amulet of reflection
HPRegen  0.25/turn              y - +3 ring of dexterity
MPRegen  0.16/turn              o - ring of protection from fire

@: no status effects
A: no food or potions, fire vulnerability, cold resistance 1, negative energy
resistance 3, torment resistance, unbreathing
a: Triple Draw, Deal Four, Renounce Religion


You were on level 14 of the Dungeon.
You worshipped Nemelex Xobeh.
Nemelex Xobeh was greatly pleased with you.
You were not hungry.

You visited 2 branches of the dungeon, and saw 16 of its levels.

You collected 714 gold pieces.
You spent 497 gold pieces at shops.

Inventory:

Hand Weapons
 l - a +1 vampiric morningstar
 C - a +3 morningstar of crushing (weapon)
 D - a +0 blowgun
 H - a +0 flail
 M - a +0 dire flail of crushing
 Q - a +0 blowgun
Missiles
 r - 2 throwing nets
 u - 2 curare-tipped needles
 U - 3 javelins (quivered)
Armour
 c - a +0 chain mail
 d - a +0 cloak (worn)
 w - a +0 pair of boots (worn)
 x - a +0 pair of gloves
 J - a +1 ring mail of fire resistance (worn)
 L - a +2 buckler
 R - the +0 pair of gloves of Dishonour (worn) {*Corrode rN+ Int+4 Dex+3}
   (You bought it in a shop on level 12 of the Dungeon)

   It affects your intelligence (+4).
   It affects your dexterity (+3).
   It protects you from negative energy.
   It may corrode you when you take damage.
Jewellery
 o - a ring of protection from fire (right hand)
 v - a +2 amulet of reflection (around neck)
 y - a +3 ring of dexterity (left hand)
 A - an uncursed ring of poison resistance
 F - an uncursed ring of ice
 S - an uncursed ring of protection from magic {unknown}
Wands
 m - a wand of polymorph (0/24)
 I - a wand of lightning (0/15)
Scrolls
 a - a scroll of brand weapon {unknown}
 b - 3 scrolls of recharging {unknown}
 e - a scroll of teleportation
 f - 3 scrolls of fog {unknown}
 g - a scroll of amnesia
 h - 7 scrolls of magic mapping
 j - 3 scrolls of blinking
 k - 6 scrolls of remove curse
 n - a scroll of fear
 B - 2 scrolls of enchant armour
 E - 2 scrolls of torment
 G - 2 scrolls of enchant weapon
 N - a scroll of vulnerability {unknown}
Books
 i - a book of Flames

   Spells                             Type                      Level
   a - Flame Tongue                   Conjuration/Fire             1
   b - Throw Flame                    Conjuration/Fire             2
   c - Conjure Flame                  Conjuration/Fire             3
   d - Inner Flame                    Hexes/Fire                   3
   e - Sticky Flame                   Conjuration/Fire             4
   f - Fireball                       Conjuration/Fire             5
 O - a book of Callings

   Spells                             Type                      Level
   a - Summon Small Mammal            Summoning                    1
   b - Call Imp                       Summoning                    2
   c - Call Canine Familiar           Summoning                    3
   d - Summon Guardian Golem          Hexes/Summoning              3
   e - Summon Lightning Spire         Summoning/Air                4
   f - Summon Ice Beast               Ice/Summoning                4
Miscellaneous
 t - an ornate deck of escape {drawn: 1}
 z - a plain deck of summoning
 P - an ornate deck of destruction
 T - a plain deck of destruction


   Skills:
 - Level 11.1 Fighting
 * Level 6.9 Maces & Flails
 + Level 4.9 Armour
 + Level 4.9 Dodging
 - Level 1.5 Stealth
 - Level 10.4 Invocations


You had 10 spell levels left.
You didn't know any spells.

Dungeon Overview and Level Annotations

Branches:
Dungeon (15/15)            Temple (1/1) D:4            Lair (0/6) D:9
    Orc (0/2) D:10
 Vaults: D:13-14     Depths: D:15

Altars:
Ashenzari
Cheibriados
Nemelex Xobeh
Qazlal
Trog
Uskayaw
Xom
Yredelemnul

Shops:
D:5 (   D:9 *   D:12 [

Portals:
Trove: D:12 (give 17 scrolls of teleportation)

Annotations:
D:2 Sigmund
D:10 ORCS, exclusions: ice statue and obsidian statue
D:11 4thArraOfDagon's ghost, journeyman GnWn; Dominolapin's ghost, journeyman TrAM


Innate Abilities, Weirdness & Mutations

You do not eat or drink.
Your flesh is vulnerable to fire.
You are immune to poison.
Your flesh is cold resistant. (rC+)
You are immune to negative energy. (rN+++)
You are immune to unholy pain and torment.
You can survive without breathing.


Message History

The orc priest barely misses you.
The orc priest invokes the aid of Beogh against you.
Beogh smites you!
* * * LOW HITPOINT WARNING * * *
You barely miss the orc priest.
The orc priest is moderately wounded.
The orc priest calls down the wrath of Beogh upon you.
Beogh smites you!
* * * LOW HITPOINT WARNING * * *
Unknown command.
Evoke which item? (* to show all) (? for menu, Esc to quit)
You draw a card...
It is Wild Magic.
The deck of cards disappears without a trace.
You resist.
There is a sudden and violent explosion of flames!
The fireball engulfs the orc priest.
The orc priest dies!
The fireball engulfs you! You resist.
You die...
Your body glows with a rainbow of weird colours and disappears.

#####.#
.########<....#
........@.#####
.########># #)#
#†# #)# #..
#.## #.# o..


There were no monsters in sight!

Vanquished Creatures
  A centaur warrior (D:11)
  2 two-headed ogres
  2 centaur skeletons (D:10)
  3 kobold demonologists
  A merfolk (D:10)
  4 hippogriffs
  A spriggan (D:9)
  A shadow (D:14)
  5 yaks
  A wraith (D:11)
  A hungry ghost (D:10)
  2 basilisks
  A human (D:10)
  A porcupine (D:9)
  5 sky beasts
  An orc warrior (D:10)
  2 ice beasts (D:8)
  3 phantoms
  2 necrophages
  A boggart (D:10)
  3 ogres
  3 wolves (D:10)
  A crocodile (D:9)
  5 centaurs
  3 big kobolds
  7 bullfrogs
  A water moccasin zombie (D:5)
  A troll zombie (D:10)
  A water moccasin skeleton (D:12)
  3 killer bees (D:6)
  7 wights
  A centaur zombie (D:5)
  5 crimson imps
  4 orc priests
  2 hounds
  4 jellies
  8 orc wizards
  A bullfrog skeleton (D:9)
  2 iguanas
  7 worker ants
  4 ogre zombies (D:10)
  A hound skeleton (D:4)
  A howler monkey zombie (D:7)
  A worker ant zombie (D:6)
  13 adders
  10 gnolls
  4 shadow imps
  3 oozes
  An adder skeleton (D:4)
  2 worms
  5 dart slugs
  5 leopard geckos
  40 orcs
  5 bats
  10 giant cockroaches
  6 hobgoblins
  12 jackals
  4 quokkas
  3 ball pythons
  7 frilled lizards
  6 goblins
  2 goblin skeletons (D:10)
  A goblin zombie (D:10)
  2 hobgoblin zombies (D:10)
  A jackal skeleton (D:5)
  22 kobolds
  A leopard gecko skeleton (D:4)
  4 orc skeletons (D:10)
  8 orc zombies (D:10)
  5 rats
298 creatures vanquished.

Vanquished Creatures (collateral kills)
  Fannar (D:10)
  Nergalle (D:10)
  A deep elf mage (D:12)
  A gargoyle (D:12)
  A hornet (D:9)
  A hippogriff (D:12)
  3 yaks
  A hungry ghost (D:9)
  A porcupine (D:9)
  An orc warrior (D:7)
  A wolf (D:10)
  8 centaurs
  2 crocodiles
  A bullfrog (D:10)
  A scorpion (D:9)
  A jelly (D:9)
  An orc priest (D:4)
  A bullfrog skeleton (D:12)
  4 orc wizards
  A centaur skeleton (D:12)
  An iguana (D:12)
  2 gnolls (D:9)
  A leopard gecko (D:11)
  4 orcs
  A goblin (D:4)
  4 hobgoblins (D:4)
  A kobold (D:4)
47 creatures vanquished.

Vanquished Creatures (others)
  2 trolls (D:9)
  A crocodile (D:9)
  A gnoll shaman (D:4)
  An orc priest (D:14)
  An ogre zombie (D:10)
  An orc skeleton (D:10)
  2 bushes (D:9)
  3 fungi (D:9)
  7 plants (D:9)
19 creatures vanquished.

Grand Total: 364 creatures vanquished

Notes
Turn   | Place    | Note
-------+----------+-------------------------------------------
     0 | D:1      | 4thArraOfDagon the Mummy Monk began the quest for the Orb.
     0 | D:1      | Reached XP level 1. HP: 18/18 MP: 1/1
    18 | D:1      | p0werm0de: but thats like extremely weak
    87 | D:1      | p0werm0de: only through nemelex might get ok
   156 | D:1      | Reached XP level 2. HP: 18/24 MP: 2/2
   231 | D:1      | Reached skill level 1 in Armour
   307 | D:1      | Reached XP level 3. HP: 17/29 MP: 3/3
   452 | D:2      | Noticed Sigmund
   603 | D:2      | Reached XP level 4. HP: 33/37 MP: 4/4
   989 | D:3      | Reached skill level 4 in Fighting
  1076 | D:3      | Reached XP level 5. HP: 21/42 MP: 5/5
  1170 | D:4      | Found a staircase to the Ecumenical Temple.
  1174 | Temple   | Entered the Ecumenical Temple
  1185 | Temple   | 4thArraOfDagon: there
  1185 | Temple   | Became a worshipper of Nemelex Xobeh the Trickster
  1185 | Temple   | Received a gift from Nemelex Xobeh
  1185 | Temple   | Reached * piety under Nemelex Xobeh
  1185 | Temple   | Received a gift from Nemelex Xobeh
  1185 | Temple   | Reached ** piety under Nemelex Xobeh
  1601 | D:4      | Reached skill level 1 in Invocations
  1606 | D:4      | Reached XP level 6. HP: 42/49 MP: 6/6
  1610 | D:4      | Received a gift from Nemelex Xobeh
  1847 | D:5      | Entered Level 5 of the Dungeon
  1889 | D:5      | Found Rarghaag's Antique Weapon Shop.
  1901 | D:5      | 4thArraOfDagon: :/
  1901 | D:5      | Bought a crude dagger for 217 gold pieces
  1901 | D:5      | Identified the +10 dagger of Havoc {pierce, Fragile rC+ rN+++ Str-3} (You bought it in a shop on level 5 of the Dungeon)
  1987 | D:5      | Reached skill level 5 in Fighting
  1987 | D:5      | Reached XP level 7. HP: 48/56 MP: 8/8
  2213 | D:5      | Received a gift from Nemelex Xobeh
  2283 | D:5      | Reached *** piety under Nemelex Xobeh
  2605 | D:6      | Received a gift from Nemelex Xobeh
  2645 | D:6      | Reached XP level 8. HP: 34/64 MP: 10/10
  2739 | D:6      | Reached skill level 6 in Fighting
  2939 | D:7      | Received a gift from Nemelex Xobeh
  3049 | D:7      | Reached skill level 7 in Fighting
  3049 | D:7      | Reached skill level 5 in Invocations
  3148 | D:7      | Noticed a hippogriff
  3152 | D:7      | Killed a hippogriff
  3152 | D:7      | Reached XP level 9. HP: 53/74 MP: 13/13
  3191 | D:7      | Reached **** piety under Nemelex Xobeh
  3284 | D:7      | Reached skill level 8 in Fighting
  3496 | D:8      | Found a shattered altar of Ashenzari.
  3544 | D:8      | Received a gift from Nemelex Xobeh
  3888 | D:8      | Found a stormy altar of Qazlal.
  3888 | D:8      | Found a basalt altar of Yredelemnul.
  3889 | D:8      | Found a bloodstained altar of Trog.
  4164 | D:9      | Noticed a troll
  4167 | D:9      | Killed a troll
  4167 | D:9      | Reached skill level 9 in Fighting
  4187 | D:9      | Received a gift from Nemelex Xobeh
  4244 | D:9      | Noticed a troll
  4253 | D:9      | Noticed a red devil
  4486 | D:9      | a troll changed into a spriggan
  4660 | D:9      | Noticed a troll
  4669 | D:9      | Reached XP level 10. HP: 77/84 MP: 15/15
  4717 | D:9      | Reached skill level 10 in Fighting
  5080 | D:9      | Found a staircase to the Lair.
  5240 | D:9      | Reached ***** piety under Nemelex Xobeh
  5240 | D:9      | Received a gift from Nemelex Xobeh
  5322 | D:9      | Found Otweuk's General Store.
  5326 | D:9      | Bought a scroll of identify for 24 gold pieces
  5336 | D:10     | Entered Level 10 of the Dungeon
  5337 | D:10     | Torious: hi
  5360 | D:10     | 4thArraOfDagon: hi!
  5413 | D:10     | 4thArraOfDagon: where have you been
  5445 | D:10     | Noticed a two-headed ogre
  5552 | D:10     | Torious: too busy with work/life :(
  5587 | D:10     | Torious: how are you?
  5593 | D:10     | Noticed a two-headed ogre
  5605 | D:10     | Killed a two-headed ogre
  5605 | D:10     | Reached skill level 11 in Fighting
  5639 | D:10     | Noticed Grum
  5642 | D:10     | Noticed Grum
  5642 | D:10     | Grum changed into Grum the boggart
  5648 | D:10     | Noticed a two-headed ogre
  5652 | D:10     | Killed Grum the boggart
  5772 | D:10     | Noticed Nergalle
  5790 | D:10     | 4thArraOfDagon: im fine. Just playing out of boredom
  5801 | D:10     | Received a gift from Nemelex Xobeh
  5860 | D:10     | Noticed an obsidian statue
  5967 | D:10     | Noticed Fannar
  5989 | D:10     | Killed Fannar
  5989 | D:10     | Reached XP level 11. HP: 65/93 MP: 13/18
  6007 | D:10     | Killed Nergalle
  6196 | D:11     | Noticed 4thArraOfDagon's ghost (journeyman GnWn)
  6236 | D:12     | Reached skill level 10 in Invocations
  6388 | D:12     | Noticed a two-headed ogre
  6480 | D:12     | Noticed a brown ugly thing
  6496 | D:12     | Found Egioqoff's Antique Armour Shop.
  6504 | D:12     | Bought a pair of faintly glowing gloves for 256 gold pieces
  6514 | D:12     | Identified the cursed +0 pair of gloves of Dishonour {*Corrode rN+ Int+4 Dex+3} (You bought it in a shop on level 12 of the Dungeon)
  6533 | D:12     | Reached skill level 5 in Maces & Flails
  6562 | D:12     | Noticed a deep elf mage
  6600 | D:12     | Killed a deep elf mage
  6618 | D:11     | Noticed a two-headed ogre
  6651 | D:11     | Noticed Dominolapin's ghost (journeyman TrAM)
  6709 | D:11     | Noticed a centaur warrior
  6867 | D:10     | Found a staircase to the Orcish Mines.
  6873 | D:10     | Received a gift from Nemelex Xobeh
  7171 | D:11     | Killed a centaur warrior
  7261 | D:11     | You fall through a shaft!
  7262 | D:12     | Found a portal to a secret trove of treasure.
  7464 | D:15     | Entered Level 15 of the Dungeon
  7724 | D:14     | Killed a two-headed ogre
  7743 | D:14     | HP: 3/93 [orc priest/divine providence (12)]
  7744 | D:14     | Killed by a card of wild magic

Vault maps used:
D:1:      sevenhm_arrival_forest_fort_small_5, minmay_heptomino_o4
D:2:      hangedman_decor_lopped, uniq_sigmund
D:3:      first_bread
D:4:      corexii_shack_village, temple_statues
D:5:      marbit_many_paths, serial_shops, shop
D:8:      gammafunk_temple_overflow_claw, evilmike_ruin_ashenzari
D:9:      minmay_lair_entry_grove, serial_shops, shop
D:10:     minmay_separated_statues, zombieorc1_lemuel, hangedman_stone_soup,
          grunt_ministairs_8, nicolae_zen_rock_garden, uniq_fannar, uniq_grum,
          uniq_nergalle
D:11:     minmay_weird_star, minivault_11, corexii_corridor_pit
D:12:     serial_shops, shop, enter_trove_0
D:13:     david_vaults_1, special_room, uniq_sonja
D:15:     grunt_enter_depths_snipers
Temple:   regret_index_temple_mists

Skill      XL: |  1  2  3  4  5  6  7  8  9 10 11 |
---------------+----------------------------------+-----
Armour         | 1 2 3 4 |  4.9
Dodging        | 3 4 |  4.9
Fighting       | 4 5 7 9 11 | 11.1
Invocations    | 1 2 3 5 7 9 10 | 10.4
Maces & Flails | 3 6 |  6.9
Stealth        | |  1.5

Action                   |  1- 3 |  4- 6 |  7- 9 | 10-12 || total
-------------------------+-------+-------+-------+-------++-------
Melee: Mace              |   117 |   109 |       |       ||   226
       Flail             |       |   213 |       |       ||   213
       Dagger            |       |    21 |   305 |   423 ||   749
       Morningstar       |       |       |       |    78 ||    78
Throw: Javelin           |       |       |       |     7 ||     7
       Throwing net      |       |       |       |     1 ||     1
Invok: Triple Draw       |       |       |       |     6 ||     6
Evoke: Wand              |       |     4 |       |     5 ||     9
       Deck              |       |     4 |    10 |    19 ||    33
  Use: Scroll            |       |     4 |     3 |     8 ||    15
 Stab: Distracted        |       |       |       |     1 ||     1
Armor: Robe              |     7 |       |       |       ||     7
       Chain mail        |    72 |   253 |   164 |    24 ||   513
       Ring mail         |       |       |       |   158 ||   158
Dodge: Dodged            |    50 |   155 |    94 |   315 ||   614
Block: Other             |       |       |    13 |    31 ||    44
       Buckler           |       |       |       |     2 ||     2
       Reflection        |       |       |       |     3 ||     3

Table legend:
 A = Spawn XP
 B = Non-spawn XP
 C = Spawn XP percentage of total XP
 D = Spawn monster count
 E = Non-spawn monster count
 F = Spawn count percentage of total count
 G = Total turns spent on level
                    A         B        C        D         E        F      G
               +---------+---------+-------+---------+---------+-------+---------
         Total |       0 |   19336 |   0.0 |       0 |     350 |   0.0 |  7744
               +---------+---------+-------+---------+---------+-------+---------
           D:1 |       0 |      64 |   0.0 |       0 |      32 |   0.0 |   521
           D:2 |       0 |      50 |   0.0 |       0 |      16 |   0.0 |   218
           D:3 |       0 |      85 |   0.0 |       0 |      20 |   0.0 |   441
           D:4 |       0 |     405 |   0.0 |       0 |      40 |   0.0 |   637
           D:5 |       0 |     535 |   0.0 |       0 |      21 |   0.0 |   533
           D:6 |       0 |     729 |   0.0 |       0 |      16 |   0.0 |   559
           D:7 |       0 |    1602 |   0.0 |       0 |      28 |   0.0 |   527
           D:8 |       0 |     587 |   0.0 |       0 |       7 |   0.0 |   795
           D:9 |       0 |    3526 |   0.0 |       0 |      36 |   0.0 |  1075
          D:10 |       0 |    5348 |   0.0 |       0 |      66 |   0.0 |  1145
          D:11 |       0 |    1809 |   0.0 |       0 |      22 |   0.0 |   333
          D:12 |       0 |    2210 |   0.0 |       0 |      37 |   0.0 |   632
          D:14 |       0 |    1581 |   0.0 |       0 |       6 |   0.0 |   238
          D:15 |       0 |     805 |   0.0 |       0 |       3 |   0.0 |    46
               +---------+---------+-------+---------+---------+-------+---------
